Islanders vs Wild

Created - Wednesday, February 24, 2016 at 01:14

Goals
1 2 3 T
Islanders 4 1 3 8
Wild 1 0 0 1
Shots
1 2 3 T
Islanders 5 16 9 30
Wild 13 11 6 30

1st period

1. Islanders , Erik Karlsson 46 (Olli Maatta) at 3:42
2. Wild , Brad Marchand 33 (Jordan Eberle, David Legwand) at 10:30 (PP)
3. Islanders , Erik Karlsson 47 (Jamie Benn, Brandon Pirri) at 11:46 (PP)
4. Islanders , Marian Hossa 14 (Joe Pavelski, Carl Hagelin) at 11:58
5. Islanders , Jamie Benn 60 (Travis Hamonic) at 16:50

Penalties :
Derek Dorsett (Min) for Fighting (Major) at 0:55, Travis Hamonic (NYI) for Fighting (Major) at 0:55, Erik Karlsson (NYI) for Hooking (Minor) at 1:33, Olli Maatta (NYI) for Tripping (Minor) at 9:15, Brad Marchand (Min) for Slashing (Minor) at 11:22, Carl Hagelin (NYI) for Holding (Minor) at 14:00

2nd period

6. Islanders , Erik Karlsson 48 (Jamie Benn, Brandon Pirri) at 6:30 (PP)

Penalties :
David Krejci (NYI) for Boarding (Minor) at 1:24, Kevin Klein (NYI) for Slashing (Minor) at 3:44, Cody Franson (Min) for Slashing (Minor) at 6:27, Erik Karlsson (NYI) for Hooking (Minor) at 10:55, Derek Dorsett (Min) for Roughing (Minor) at 16:50, Dalton Prout (NYI) for Hooking (Minor) at 19:44, Brad Marchand (Min) for Hooking (Minor) at 19:49

3rd period

7. Islanders , Brandon Pirri 21 (Tyler Ennis, Erik Karlsson) at 6:35 (PP)
8. Islanders , Marian Hossa 15 (Joe Pavelski) at 8:11 (PP)
9. Islanders , Brandon Pirri 22 (Jamie Benn, Erik Karlsson) at 18:44 (PP)

Penalties :
Carl Hagelin (NYI) for Hooking (Minor) at 3:52, Jonathan Ericsson (Min) for Hooking (Minor) at 6:15, Brad Marchand (Min) for Hooking (Minor) at 8:05, Erik Karlsson (NYI) for Interference (Minor) at 8:28, Cody McCormick (Min) for Tripping (Minor) at 14:15, Brandon Pirri (NYI) for Tripping (Minor) at 15:59, Jonathan Ericsson (Min) for Slashing (Minor) at 18:27

Goalie Stats

Braden Holtby (NYI), 29 saves from 30 shots - (0.967), W, 41-10-3, 60:00 minutes
Niklas Backstrom (Min), 1 saves from 5 shots - (0.200), L, 4-14-3, 16:50 minutes
Ryan Miller (Min), 21 saves from 25 shots - (0.840), 43:10 minutes

Players Stats for Islanders

Player Name              G  A  P  +/- PIM S  H  SB GA TA FO     MP     PP MP  PK MP  
------------------------------------------------------------------------------------
Alexei Emelin            0  0  0   0  0   0  1  7  1  2  0/0    18:11   0:00   8:44 
Brandon Pirri            2  2  4   1  2   3  1  0  4  0  3/3    14:55   3:08   0:00 
Carl Hagelin             0  1  1   1  4   2  0  2  0  0  0/3    15:13   1:44   4:00 
Dalton Prout             0  0  0   0  2   2  1  0  0  0  0/0    21:18   0:05   9:10 
David Krejci             0  0  0   1  2   0  0  2  0  0  13/21  17:25   3:09   0:15 
Dustin Brown             0  0  0   0  0   3  3  0  1  0  0/0    13:16   3:34   1:33 
Erik Karlsson            3  2  5   2  6   6  0  0  2  0  0/0    21:07   4:49   0:00 
Frans Nielsen            0  0  0   0  0   1  1  0  3  0  7/10   13:55   0:00   5:22 
Jamie Benn               1  3  4   2  0   3  0  0  2  0  0/1    17:21   3:09   0:15 
Joe Pavelski             0  2  2   1  0   0  1  0  3  0  4/8    10:38   1:49   0:00 
Kevin Klein              0  0  0   2  2   0  3  2  0  2  0/0    24:17   0:05   9:28 
Lauri Korpikoski         0  0  0   1  0   2  1  0  4  1  0/0    18:29   0:00  11:09 
Marian Hossa             2  0  2   1  0   4  0  1  4  0  0/0     9:49   1:44   0:00 
Olli Maatta              0  1  1   1  2   1  0  0  0  0  0/0    19:40   0:09   6:32 
Patrik Berglund          0  0  0   0  0   1  0  0  4  0  0/1     6:22   0:00   0:00 
Paul Gaustad             0  0  0   1  0   0  2  0  0  1  12/19  18:12   0:00  11:20 
Travis Hamonic           0  1  1   1  5   1  1  1  0  1  0/0    11:38   0:00   0:00 
Tyler Ennis              0  1  1   0  0   1  0  0  1  0  0/0     8:57   1:24   0:00 

Players Stats for Wild

Player Name              G  A  P  +/- PIM S  H  SB GA TA FO     MP     PP MP  PK MP  
------------------------------------------------------------------------------------
Brad Marchand            1  0  1  -2  6   1  3  1  0  1  0/0    19:15   8:26   0:35 
Brian Strait             0  0  0   0  0   0  0  3  0  2  0/0     9:11   0:00   0:00 
Cody Franson             0  0  0  -2  2   4  1  1  0  1  0/0    27:14   8:51   1:27 
Cody McCormick           0  0  0   0  2   0  2  0  0  1  8/18   21:43   8:07   2:37 
Craig Cunningham         0  0  0  -1  0   2  2  0  0  0  1/6     8:27   0:26   0:03 
Dale Weise               0  0  0  -1  0   1  1  0  0  0  0/2     8:16   0:47   0:00 
David Legwand            0  1  1  -2  0   2  2  0  2  2  8/17   18:18   8:26   0:44 
Derek Dorsett            0  0  0   0  7   0  2  0  0  0  0/0     7:12   0:00   0:00 
Jonathan Ericsson        0  0  0  -2  4   0  1  6  1  0  0/0    23:06   8:06   1:15 
Jordan Eberle            0  1  1  -1  0   4  2  1  3  0  0/0    19:21   8:25   0:00 
Luke Schenn              0  0  0   0  0   3  1  0  0  0  0/0     8:57   0:00   0:00 
Mark Streit              0  0  0  -1  0   4  1  1  0  3  0/0    27:55   8:51   3:43 
Mason Raymond            0  0  0   0  0   1  0  0  2  0  0/0     9:53   0:00   0:00 
Rickard Rakell           0  0  0  -1  0   1  3  0  0  0  5/11   19:01   8:17   2:13 
Thomas Vanek             0  0  0   0  0   3  1  1  3  1  0/0    22:44   7:45   3:44 
Toby Enstrom             0  0  0  -1  0   3  2  1  0  3  0/0    23:34   8:06   3:31 
Tuomo Ruutu              0  0  0  -1  0   0  0  0  3  0  0/0     7:29   0:00   0:00 
Victor Rask              0  0  0   0  0   1  1  0  1  1  5/12   11:08   0:11   0:00 

3 Stars

1 - Erik Karlsson (NYI)
2 - Jamie Benn (NYI)
3 - Brandon Pirri (NYI)

Power Play

Islanders - 5 on 8 Attempt(s) - 62.50%
Wild - 1 on 10 Attempt(s) - 10.00%

Penalty Kill

Islanders - 9 on 10 Attempt(s) - 90.00% - Score 0 goal in Penalty Kill
Wild - 3 on 8 Attempt(s) - 37.50% - Score 0 goal in Penalty Kill

Team Stat

Islanders - Hits : 15 - Faceoff Wins : 39 - Blocked Shots : 15 - Penalty Minutes : 25
Wild - Hits : 25 - Faceoff Wins : 27 - Blocked Shots : 15 - Penalty Minutes : 21

Official

Referees : Unknown
Linesman : Unknown

Game Notes

Derek Dorsett and Travis Hamonic fight to a draw at 0:55 of 1st period
Ryan Miller enters game at 16:50 of 1st period
Erik Karlsson has scored a Hat Trick!

Finance

Level 1 -- Attendance: 4063 (67.72%) -- Ticket Income $406,300
Level 2 -- Attendance: 3683 (73.66%) -- Ticket Income $220,980
Level 3 -- Attendance: 1411 (70.55%) -- Ticket Income $49,385
Level 4 -- Attendance: 2704 (67.60%) -- Ticket Income $54,080
Luxury Box -- Attendance: 746 (74.60%) -- Ticket Income $149,200
Game was played at the Xcel Energy Center.
Total Attendance: 12607 (70.04%)
Total Ticket Income: $879,945
Other Income: $431,173
Total Income: $1,311,118

Islanders

5 vs 5 Forward 
   Center                   Left Wing                Right Wing               Time % Phy DF OF 
 1 David Krejci             Jamie Benn               Brandon Pirri            32     1   2  2  
 2 Joe Pavelski             Carl Hagelin             Marian Hossa             27     1   2  2  
 3 Frans Nielsen            Dustin Brown             Tyler Ennis              23     1   2  2  
 4 Paul Gaustad             Lauri Korpikoski         Patrik Berglund          18     1   2  2  

5 vs 5 Defense 
   Defense                  Defense                                           Time % Phy DF OF 
 1 Erik Karlsson            Kevin Klein                                       33     1   2  2  
 2 Travis Hamonic           Olli Maatta                                       30     1   2  2  
 3 Alexei Emelin            Dalton Prout                                      24     1   2  2  
 4 Erik Karlsson            Dalton Prout                                      13     1   2  2  

PowerPlay Forward 
   Center                   Left Wing                Right Wing               Time % Phy DF OF 
 1 David Krejci             Jamie Benn               Brandon Pirri            57     1   2  2  
 2 Joe Pavelski             Carl Hagelin             Marian Hossa             43     1   2  2  

PowerPlay Defense
   Defense                  Defense                                           Time % Phy DF OF 
 1 Erik Karlsson            Dustin Brown                                      60     1   2  2  
 2 Erik Karlsson            Tyler Ennis                                       40     1   2  2  

Penalty Kill 4 Players Forward 
   Center                   Wing                     Time % Phy DF OF 
 1 Paul Gaustad             Lauri Korpikoski         60     1   2  2  
 2 Frans Nielsen            Carl Hagelin             40     1   2  2  

Penalty Kill 4 Players Defense
   Defense                  Defense                  Time % Phy DF OF 
 1 Kevin Klein              Dalton Prout             50     1   2  2  
 2 Olli Maatta              Alexei Emelin            50     1   2  2  

Penalty Kill - 3 Players Forward 
   Forward                                           Time % Phy DF OF 
 1 Paul Gaustad                                      60     1   2  2  
 2 Frans Nielsen                                     40     1   2  2  

Penalty Kill - 3 Players Defense
   Defense                  Defense                  Time % Phy DF OF 
 1 Dalton Prout             Kevin Klein              50     1   2  2  
 2 Olli Maatta              Alexei Emelin            50     1   2  2  

4 vs 4 Forward 
   Center                   Wing                     Time % Phy DF OF 
 1 David Krejci             Jamie Benn               60     1   2  2  
 2 Joe Pavelski             Marian Hossa             40     1   2  2  

4 vs 4 Defense
   Defense                  Defense                  Time % Phy DF OF 
 1 Erik Karlsson            Travis Hamonic           60     1   2  2  
 2 Olli Maatta              Kevin Klein              40     1   2  2  

Last Minutes Offensive
   Center                   Left Wing                Right Wing               Defense                  Defense                  
   Joe Pavelski             Jamie Benn               Dalton Prout             Erik Karlsson            Olli Maatta              

Last Minutes Defensive
   Center                   Left Wing                Right Wing               Defense                  Defense                  
   Paul Gaustad             Joe Pavelski             Lauri Korpikoski         Olli Maatta              Dalton Prout             

Goaltenders
Starting : Braden Holtby            
Backup : Andrew Hammond           

Extra Forwards
Normal : Jamie Benn, Joe Pavelski, Dustin Brown - PP : David Krejci, Jamie Benn - PK : Carl Hagelin
Extra Defensemen
Normal : Erik Karlsson, Olli Maatta, Travis Hamonic - PP : Erik Karlsson - PK : Alexei Emelin, Olli Maatta
Penalty Shots
Joe Pavelski, Frans Nielsen, Tyler Ennis, Jamie Benn, Dustin Brown

Wild

5 vs 5 Forward 
   Center                   Left Wing                Right Wing               Time % Phy DF OF 
 1 David Legwand            Brad Marchand            Rickard Rakell           35     1   2  2  
 2 Cody McCormick           Thomas Vanek             Derek Dorsett            30     1   2  2  
 3 Victor Rask              Mason Raymond            Jordan Eberle            22     1   2  2  
 4 Craig Cunningham         Tuomo Ruutu              Dale Weise               13     1   2  2  

5 vs 5 Defense 
   Defense                  Defense                                           Time % Phy DF OF 
 1 Mark Streit              Cody Franson                                      35     1   2  2  
 2 Toby Enstrom             Luke Schenn                                       30     1   2  2  
 3 Brian Strait             Jonathan Ericsson                                 22     1   2  2  
 4 Cody Franson             Jonathan Ericsson                                 13     1   2  2  

PowerPlay Forward 
   Center                   Left Wing                Right Wing               Time % Phy DF OF 
 1 Rickard Rakell           Thomas Vanek             Cody McCormick           60     1   2  2  
 2 David Legwand            Brad Marchand            Jordan Eberle            40     1   2  2  

PowerPlay Defense
   Defense                  Defense                                           Time % Phy DF OF 
 1 Cody Franson             Mark Streit                                       60     1   2  2  
 2 Jonathan Ericsson        Toby Enstrom                                      40     1   2  2  

Penalty Kill 4 Players Forward 
   Center                   Wing                     Time % Phy DF OF 
 1 Cody McCormick           Thomas Vanek             60     1   2  2  
 2 Victor Rask              Brad Marchand            40     1   2  2  

Penalty Kill 4 Players Defense
   Defense                  Defense                  Time % Phy DF OF 
 1 Toby Enstrom             Mark Streit              60     1   2  2  
 2 Jonathan Ericsson        Cody Franson             40     1   2  2  

Penalty Kill - 3 Players Forward 
   Forward                                           Time % Phy DF OF 
 1 Cody McCormick                                    60     1   2  2  
 2 Thomas Vanek                                      40     1   2  2  

Penalty Kill - 3 Players Defense
   Defense                  Defense                  Time % Phy DF OF 
 1 Toby Enstrom             Mark Streit              60     1   2  2  
 2 Jonathan Ericsson        Cody Franson             40     1   2  2  

4 vs 4 Forward 
   Center                   Wing                     Time % Phy DF OF 
 1 Cody McCormick           Thomas Vanek             60     1   2  2  
 2 Rickard Rakell           Brad Marchand            40     1   2  2  

4 vs 4 Defense
   Defense                  Defense                  Time % Phy DF OF 
 1 Cody Franson             Mark Streit              60     1   2  2  
 2 Jonathan Ericsson        Toby Enstrom             40     1   2  2  

Last Minutes Offensive
   Center                   Left Wing                Right Wing               Defense                  Defense                  
   Rickard Rakell           Brad Marchand            Jordan Eberle            Cody Franson             Mark Streit              

Last Minutes Defensive
   Center                   Left Wing                Right Wing               Defense                  Defense                  
   Cody McCormick           David Legwand            Craig Cunningham         Toby Enstrom             Jonathan Ericsson        

Goaltenders
Starting : Niklas Backstrom         
Backup : Ryan Miller              

Extra Forwards
Normal : Victor Rask, Cody McCormick, Thomas Vanek - PP : Jordan Eberle, Cody McCormick - PK : Rickard Rakell
Extra Defensemen
Normal : Cody Franson, Toby Enstrom, Jonathan Ericsson - PP : Toby Enstrom - PK : Toby Enstrom, Jonathan Ericsson
Penalty Shots
Jordan Eberle, Thomas Vanek, Victor Rask, Brad Marchand, Cody McCormick

% Time on Ice - Islanders

Lines # - Real PCT - Wanted PCT - Time Play
Normal Forward
1 - 36% - 32% - 12:56
2 - 26% - 27% - 9:25
3 - 20% - 23% - 7:13
4 - 18% - 18% - 6:22
Normal Defense
1 - 37% - 33% - 13:12
2 - 34% - 30% - 12:03
3 - 24% - 24% - 8:48
4 - 5% - 13% - 1:53
PP Forward
1 - 65% - 57% - 3:14
2 - 35% - 43% - 1:44
PP Defense
1 - 70% - 60% - 3:29
2 - 30% - 40% - 1:29
PK Forward
1 - 68% - 60% - 11:35
2 - 32% - 40% - 5:22
PK Defense
1 - 54% - 50% - 9:10
2 - 46% - 50% - 7:47
PK3 Forward
1 - 0% - 60%
2 - 0% - 40%
PK3 Defense
1 - 0% - 50%
2 - 0% - 50%
44 Forward
1 - 100% - 60% - 2:09
2 - 0% - 40% - 0:00
44 Defense
1 - 56% - 60% - 1:12
2 - 44% - 40% - 0:57
Last Minute Offensive  - 0:00
Last Minute Defensive  - 0:00
Total
Forward - 60:00
Defense - 60:00

% Time on Ice - Wild

Lines # - Real PCT - Wanted PCT - Time Play
Normal Forward
1 - 27% - 35% - 9:48
2 - 24% - 30% - 8:46
3 - 28% - 22% - 9:53
4 - 21% - 13% - 7:29
Normal Defense
1 - 38% - 35% - 13:45
2 - 31% - 30% - 11:04
3 - 26% - 22% - 9:11
4 - 5% - 13% - 1:56
PP Forward
1 - 53% - 60% - 8:54
2 - 47% - 40% - 8:03
PP Defense
1 - 52% - 60% - 8:51
2 - 48% - 40% - 8:06
PK Forward
1 - 100% - 60% - 4:58
2 - 0% - 40% - 0:00
PK Defense
1 - 69% - 60% - 3:26
2 - 31% - 40% - 1:32
PK3 Forward
1 - 0% - 60%
2 - 0% - 40%
PK3 Defense
1 - 0% - 60%
2 - 0% - 40%
44 Forward
1 - 100% - 60% - 2:09
2 - 0% - 40% - 0:00
44 Defense
1 - 74% - 60% - 1:36
2 - 26% - 40% - 0:33
Last Minute Offensive  - 0:00
Last Minute Defensive  - 0:00
Total
Forward - 60:00
Defense - 60:00

Play by Play

1st period


0:01 of 1st period - David Krejci wins face-off versus David Legwand in neutral zone.
0:06 of 1st period - Slapshot by Erik Karlsson.
0:06 of 1st period - Shot Misses the Net.
0:08 of 1st period - Slapshot by Erik Karlsson.
0:08 of 1st period - Shot Misses the Net.
0:10 of 1st period - Snap shot by Jamie Benn.
0:10 of 1st period - Shot Blocked by Brad Marchand.
0:18 of 1st period - Slapshot by Erik Karlsson.
0:18 of 1st period - Shot Blocked by Cody Franson.
0:20 of 1st period - Wrist shot by Jamie Benn.
0:20 of 1st period - Stopped by Niklas Backstrom without a rebound.
0:21 of 1st period - Cody McCormick wins face-off versus Carl Hagelin in Wild zone.
0:55 of 1st period - Derek Dorsett and Travis Hamonic fight to a draw.
0:55 of 1st period - Penalty to Derek Dorsett for Fighting.
0:55 of 1st period - Penalty to Travis Hamonic for Fighting.
0:56 of 1st period - Frans Nielsen wins face-off versus Victor Rask in Islanders zone.
1:24 of 1st period - Wrist shot by Jordan Eberle.
1:24 of 1st period - Stopped by Braden Holtby with a rebound.
1:26 of 1st period - Slapshot by Brian Strait.
1:26 of 1st period - Shot Blocked by Alexei Emelin.
1:28 of 1st period - Slapshot by Jonathan Ericsson.
1:28 of 1st period - Shot Misses the Net.
1:30 of 1st period - Slapshot by Brian Strait.
1:30 of 1st period - Deflect By Victor Rask.
1:30 of 1st period - Stopped by Braden Holtby without a rebound.
1:31 of 1st period - Paul Gaustad wins face-off versus Craig Cunningham in Islanders zone.
1:33 of 1st period - Minor Penalty to Erik Karlsson for Hooking.
1:34 of 1st period - Rickard Rakell wins face-off versus Paul Gaustad in Islanders zone.
1:36 of 1st period - Snap shot by Rickard Rakell.
1:36 of 1st period - Shot Blocked by Kevin Klein.
1:38 of 1st period - Slapshot by Mark Streit.
1:38 of 1st period - Shot Misses the Net.
1:40 of 1st period - Slapshot by Thomas Vanek.
1:40 of 1st period - Stopped by Braden Holtby without a rebound.
1:41 of 1st period - Paul Gaustad wins face-off versus Rickard Rakell in Islanders zone.
2:39 of 1st period - Frans Nielsen is hit by David Legwand and loses puck.
2:46 of 1st period - Wrist shot by David Legwand.
2:46 of 1st period - Shot Blocked by Alexei Emelin.
2:48 of 1st period - Wrist shot by David Legwand.
2:48 of 1st period - Shot Blocked by Alexei Emelin.
2:50 of 1st period - Slapshot by Toby Enstrom.
2:50 of 1st period - Stopped by Braden Holtby with a rebound.
2:58 of 1st period - Snap shot by Jordan Eberle.
2:58 of 1st period - Shot Blocked by Carl Hagelin.
3:00 of 1st period - Slapshot by Toby Enstrom.
3:00 of 1st period - Shot Blocked by Carl Hagelin.
3:33 of 1st period - Penalty to Erik Karlsson is over, Erik Karlsson is back on ice.
3:42 of 1st period - Backhand shot by Erik Karlsson.
3:42 of 1st period - Goal by Erik Karlsson - Islanders : 1 - Wild : 0.
3:43 of 1st period - David Krejci wins face-off versus Craig Cunningham in neutral zone.
3:55 of 1st period - Snap shot by Cody Franson.
3:55 of 1st period - Shot Misses the Net.
3:57 of 1st period - Slapshot by Cody Franson.
3:57 of 1st period - Stopped by Braden Holtby with a rebound.
3:59 of 1st period - Wrist shot by Craig Cunningham.
3:59 of 1st period - Stopped by Braden Holtby without a rebound.
4:00 of 1st period - Craig Cunningham wins face-off versus David Krejci in Islanders zone.
4:07 of 1st period - Slapshot by Mark Streit.
4:07 of 1st period - Shot Blocked by David Krejci.
4:09 of 1st period - Slapshot by Craig Cunningham.
4:09 of 1st period - Stopped by Braden Holtby with a rebound.
5:37 of 1st period - Dalton Prout is hit by Rickard Rakell and loses puck.
5:54 of 1st period - Joe Pavelski is hit by Brad Marchand and loses puck.
6:11 of 1st period - Snap shot by Tyler Ennis.
6:11 of 1st period - Shot Misses the Net.
6:13 of 1st period - Slapshot by Olli Maatta.
6:13 of 1st period - Shot Misses the Net.
6:15 of 1st period - Wrist shot by Dustin Brown.
6:15 of 1st period - Deflect By Jordan Eberle.
6:15 of 1st period - Shot Misses the Net.
6:15 of 1st period - Puck is out of play.
6:16 of 1st period - Frans Nielsen wins face-off versus Victor Rask in Wild zone.
8:19 of 1st period - Snap shot by Lauri Korpikoski.
8:19 of 1st period - Shot Misses the Net.
8:51 of 1st period - Snap shot by Brad Marchand.
8:51 of 1st period - Shot Misses the Net.
8:53 of 1st period - Wrist shot by Rickard Rakell.
8:53 of 1st period - Shot Misses the Net.
8:55 of 1st period - Snap shot by Luke Schenn.
8:55 of 1st period - Stopped by Braden Holtby with a rebound.
9:01 of 1st period - Snap shot by Rickard Rakell.
9:01 of 1st period - Deflect By David Legwand.
9:01 of 1st period - Shot Misses the Net.
9:01 of 1st period - Puck is out of play.
9:02 of 1st period - Frans Nielsen wins face-off versus Victor Rask in Islanders zone.
9:15 of 1st period - Minor Penalty to Olli Maatta for Tripping.
9:16 of 1st period - Paul Gaustad wins face-off versus David Legwand in Islanders zone.
9:26 of 1st period - Lauri Korpikoski is hit by Mark Streit and loses puck.
9:48 of 1st period - Off-side.
9:49 of 1st period - Rickard Rakell wins face-off versus Paul Gaustad in neutral zone.
10:09 of 1st period - Lauri Korpikoski is hit by Jonathan Ericsson and loses puck.
10:28 of 1st period - Wrist shot by Jordan Eberle.
10:28 of 1st period - Shot Misses the Net.
10:30 of 1st period - Wrist shot by Brad Marchand.
10:30 of 1st period - Goal by Brad Marchand - Islanders : 1 - Wild : 1.
10:31 of 1st period - David Krejci wins face-off versus Victor Rask in neutral zone.
10:34 of 1st period - Snap shot by Brandon Pirri.
10:34 of 1st period - Shot Misses the Net.
10:46 of 1st period - Snap shot by Jordan Eberle.
10:46 of 1st period - Stopped by Braden Holtby without a rebound.
10:47 of 1st period - David Krejci wins face-off versus Victor Rask in Islanders zone.
10:58 of 1st period - Dalton Prout is hit by Victor Rask and loses puck.
11:09 of 1st period - Backhand shot by Jordan Eberle.
11:09 of 1st period - Stopped by Braden Holtby without a rebound.
11:10 of 1st period - David Legwand wins face-off versus Joe Pavelski in Islanders zone.
11:11 of 1st period - Wrist shot by Rickard Rakell.
11:11 of 1st period - Shot Misses the Net.
11:22 of 1st period - Minor Penalty to Brad Marchand for Slashing.
11:23 of 1st period - Cody McCormick wins face-off versus David Krejci in Wild zone.
11:31 of 1st period - Dustin Brown is hit by Thomas Vanek and loses puck.
11:46 of 1st period - Slapshot by Erik Karlsson.
11:46 of 1st period - Goal by Erik Karlsson - Islanders : 2 - Wild : 1.
11:47 of 1st period - David Legwand wins face-off versus Carl Hagelin in neutral zone.
11:58 of 1st period - Snap shot by Marian Hossa.
11:58 of 1st period - Goal by Marian Hossa - Islanders : 3 - Wild : 1.
11:59 of 1st period - David Krejci wins face-off versus David Legwand in neutral zone.
13:11 of 1st period - Travis Hamonic is hit by Derek Dorsett and loses puck.
14:00 of 1st period - Minor Penalty to Carl Hagelin for Holding.
14:01 of 1st period - Paul Gaustad wins face-off versus Rickard Rakell in Islanders zone.
14:15 of 1st period - Snap shot by Rickard Rakell.
14:15 of 1st period - Stopped by Braden Holtby with a rebound.
14:25 of 1st period - Snap shot by Thomas Vanek.
14:25 of 1st period - Shot Misses the Net.
14:47 of 1st period - Dalton Prout is hit by Jordan Eberle and loses puck.
15:09 of 1st period - Frans Nielsen is hit by Toby Enstrom.
15:19 of 1st period - Frans Nielsen is hit by Cody McCormick and loses puck.
16:00 of 1st period - Penalty to Carl Hagelin is over, Carl Hagelin is back on ice.
16:50 of 1st period - Wrist shot by Jamie Benn.
16:50 of 1st period - Goal by Jamie Benn - Islanders : 4 - Wild : 1.
16:50 of 1st period - Ryan Miller enters game.
16:51 of 1st period - Joe Pavelski wins face-off versus Victor Rask in neutral zone.
16:57 of 1st period - Icing by Jonathan Ericsson.
16:58 of 1st period - Victor Rask wins face-off versus Joe Pavelski in Wild zone.
17:17 of 1st period - Wrist shot by Mason Raymond.
17:17 of 1st period - Stopped by Braden Holtby without a rebound.
17:18 of 1st period - David Legwand wins face-off versus Jamie Benn in Islanders zone.
17:21 of 1st period - Snap shot by Brad Marchand.
17:21 of 1st period - Shot Blocked by David Krejci.
18:34 of 1st period - Slapshot by Thomas Vanek.
18:34 of 1st period - Shot Misses the Net.
18:58 of 1st period - Jonathan Ericsson is hit by Lauri Korpikoski.
19:02 of 1st period - Paul Gaustad is hit by Dale Weise and loses puck.
19:29 of 1st period - Paul Gaustad is hit by Luke Schenn and loses puck.
19:44 of 1st period - Mark Streit is hit by Paul Gaustad and loses puck.
Goals for this period are 4 for Islanders vs 1 for Wild.
Shots for this period are 5 for Islanders vs 13 for Wild.

2nd period


0:01 of 2nd period - David Legwand wins face-off versus Joe Pavelski in neutral zone.
0:54 of 2nd period - Cody McCormick is hit by Dustin Brown and loses puck.
1:01 of 2nd period - Slapshot by Mark Streit.
1:01 of 2nd period - Deflect By Dustin Brown.
1:01 of 2nd period - Stopped by Braden Holtby with a rebound.
1:03 of 2nd period - Snap shot by Cody McCormick.
1:03 of 2nd period - Deflect By Thomas Vanek.
1:03 of 2nd period - Stopped by Braden Holtby without a rebound.
1:04 of 2nd period - Cody McCormick wins face-off versus David Krejci in Islanders zone.
1:24 of 2nd period - Minor Penalty to David Krejci for Boarding.
1:25 of 2nd period - Paul Gaustad wins face-off versus Rickard Rakell in Islanders zone.
2:08 of 2nd period - Paul Gaustad is hit by Brad Marchand and loses puck.
2:43 of 2nd period - Snap shot by Carl Hagelin.
2:43 of 2nd period - Deflect By Frans Nielsen.
2:43 of 2nd period - Shot Blocked by Jonathan Ericsson.
2:43 of 2nd period - Puck is out of play.
2:44 of 2nd period - Frans Nielsen wins face-off versus Rickard Rakell in Wild zone.
3:12 of 2nd period - Olli Maatta is hit by Brad Marchand and loses puck.
3:19 of 2nd period - Wrist shot by Jordan Eberle.
3:19 of 2nd period - Shot Misses the Net.
3:24 of 2nd period - Penalty to David Krejci is over, David Krejci is back on ice.
3:44 of 2nd period - Minor Penalty to Kevin Klein for Slashing.
3:45 of 2nd period - Rickard Rakell wins face-off versus Paul Gaustad in Islanders zone.
4:17 of 2nd period - Snap shot by Jordan Eberle.
4:17 of 2nd period - Shot Misses the Net.
4:19 of 2nd period - Slapshot by Toby Enstrom.
4:19 of 2nd period - Stopped by Braden Holtby without a rebound.
4:20 of 2nd period - David Legwand wins face-off versus Frans Nielsen in Islanders zone.
4:54 of 2nd period - Slapshot by Thomas Vanek.
4:54 of 2nd period - Stopped by Braden Holtby with a rebound.
4:56 of 2nd period - Wrist shot by Jonathan Ericsson.
4:56 of 2nd period - Shot Blocked by Alexei Emelin.
4:58 of 2nd period - Snap shot by Cody McCormick.
4:58 of 2nd period - Shot Blocked by Alexei Emelin.
5:44 of 2nd period - Penalty to Kevin Klein is over, Kevin Klein is back on ice.
5:56 of 2nd period - Alexei Emelin is hit by Craig Cunningham and loses puck.
6:27 of 2nd period - Minor Penalty to Cody Franson for Slashing.
6:28 of 2nd period - Brandon Pirri wins face-off versus Cody McCormick in Wild zone.
6:30 of 2nd period - Slapshot by Erik Karlsson.
6:30 of 2nd period - Deflect By Cody McCormick.
6:30 of 2nd period - Goal by Erik Karlsson - Islanders : 5 - Wild : 1.
6:31 of 2nd period - Victor Rask wins face-off versus David Krejci in neutral zone.
7:24 of 2nd period - Paul Gaustad is hit by Rickard Rakell and loses puck.
7:29 of 2nd period - Backhand shot by David Legwand.
7:29 of 2nd period - Stopped by Braden Holtby without a rebound.
7:30 of 2nd period - David Legwand wins face-off versus Patrik Berglund in Islanders zone.
7:35 of 2nd period - Slapshot by Brad Marchand.
7:35 of 2nd period - Deflect By Rickard Rakell.
7:35 of 2nd period - Shot Blocked by Travis Hamonic.
7:35 of 2nd period - Puck is out of play.
7:36 of 2nd period - Cody McCormick wins face-off versus Paul Gaustad in Islanders zone.
7:57 of 2nd period - Snap shot by Lauri Korpikoski.
7:57 of 2nd period - Stopped by Ryan Miller with a rebound.
8:04 of 2nd period - Wrist shot by Paul Gaustad.
8:04 of 2nd period - Shot Blocked by Brian Strait.
8:06 of 2nd period - Snap shot by Olli Maatta.
8:06 of 2nd period - Shot Misses the Net.
8:30 of 2nd period - Brian Strait is hit by Dustin Brown and loses puck.
8:57 of 2nd period - Dalton Prout is hit by David Legwand and loses puck.
9:10 of 2nd period - Backhand shot by Carl Hagelin.
9:10 of 2nd period - Shot Blocked by Jonathan Ericsson.
9:26 of 2nd period - Snap shot by Marian Hossa.
9:26 of 2nd period - Shot Misses the Net.
9:28 of 2nd period - Slapshot by Alexei Emelin.
9:28 of 2nd period - Shot Blocked by Brian Strait.
10:13 of 2nd period - Snap shot by Mason Raymond.
10:13 of 2nd period - Shot Blocked by Alexei Emelin.
10:15 of 2nd period - Snap shot by Victor Rask.
10:15 of 2nd period - Shot Blocked by Alexei Emelin.
10:25 of 2nd period - Slapshot by Mark Streit.
10:25 of 2nd period - Stopped by Braden Holtby with a rebound.
10:38 of 2nd period - Slapshot by Toby Enstrom.
10:38 of 2nd period - Stopped by Braden Holtby with a rebound.
10:40 of 2nd period - Slapshot by Toby Enstrom.
10:40 of 2nd period - Shot Misses the Net.
10:42 of 2nd period - Slapshot by Luke Schenn.
10:42 of 2nd period - Stopped by Braden Holtby without a rebound.
10:43 of 2nd period - Cody McCormick wins face-off versus Frans Nielsen in Islanders zone.
10:55 of 2nd period - Minor Penalty to Erik Karlsson for Hooking.
10:56 of 2nd period - Paul Gaustad wins face-off versus Rickard Rakell in Islanders zone.
11:17 of 2nd period - Snap shot by Rickard Rakell.
11:17 of 2nd period - Shot Misses the Net.
11:19 of 2nd period - Slapshot by Cody Franson.
11:19 of 2nd period - Deflect By Thomas Vanek.
11:19 of 2nd period - Shot Misses the Net.
11:19 of 2nd period - Puck is out of play.
11:20 of 2nd period - Paul Gaustad wins face-off versus David Legwand in Islanders zone.
11:20 of 2nd period - Paul Gaustad is hit by Cody Franson.
11:34 of 2nd period - Backhand shot by Jordan Eberle.
11:34 of 2nd period - Stopped by Braden Holtby with a rebound.
11:36 of 2nd period - Snap shot by Jordan Eberle.
11:36 of 2nd period - Deflect By Paul Gaustad.
11:36 of 2nd period - Shot Blocked by Kevin Klein.
11:36 of 2nd period - Puck is out of play.
11:37 of 2nd period - Paul Gaustad wins face-off versus David Legwand in Islanders zone.
11:45 of 2nd period - Off-side.
11:46 of 2nd period - Paul Gaustad wins face-off versus Rickard Rakell in neutral zone.
12:18 of 2nd period - Paul Gaustad is hit by Cody McCormick and loses puck.
12:30 of 2nd period - Off-side.
12:31 of 2nd period - Frans Nielsen wins face-off versus David Legwand in neutral zone.
12:50 of 2nd period - Slapshot by Frans Nielsen.
12:50 of 2nd period - Shot Misses the Net.
12:55 of 2nd period - Penalty to Erik Karlsson is over, Erik Karlsson is back on ice.
13:02 of 2nd period - Wrist shot by Frans Nielsen.
13:02 of 2nd period - Stopped by Ryan Miller with a rebound.
13:04 of 2nd period - Slapshot by Travis Hamonic.
13:04 of 2nd period - Shot Misses the Net.
13:06 of 2nd period - Wrist shot by Carl Hagelin.
13:06 of 2nd period - Stopped by Ryan Miller with a rebound.
13:08 of 2nd period - Slapshot by Olli Maatta.
13:08 of 2nd period - Deflect By Erik Karlsson.
13:08 of 2nd period - Stopped by Ryan Miller with a rebound.
13:10 of 2nd period - Wrist shot by Travis Hamonic.
13:10 of 2nd period - Deflect By Mark Streit.
13:10 of 2nd period - Stopped by Ryan Miller without a rebound.
13:11 of 2nd period - Brandon Pirri wins face-off versus Craig Cunningham in Wild zone.
14:05 of 2nd period - Slapshot by Dustin Brown.
14:05 of 2nd period - Shot Blocked by Toby Enstrom.
14:07 of 2nd period - Backhand shot by Dustin Brown.
14:07 of 2nd period - Shot Misses the Net.
14:21 of 2nd period - Wrist shot by Tyler Ennis.
14:21 of 2nd period - Stopped by Ryan Miller with a rebound.
14:23 of 2nd period - Wrist shot by Dustin Brown.
14:23 of 2nd period - Stopped by Ryan Miller with a rebound.
14:54 of 2nd period - Snap shot by Jordan Eberle.
14:54 of 2nd period - Deflect By Victor Rask.
14:54 of 2nd period - Shot Blocked by Marian Hossa.
14:54 of 2nd period - Puck is out of play.
14:55 of 2nd period - Victor Rask wins face-off versus Paul Gaustad in Islanders zone.
15:08 of 2nd period - Slapshot by Patrik Berglund.
15:08 of 2nd period - Shot Blocked by Brian Strait.
15:10 of 2nd period - Snap shot by Lauri Korpikoski.
15:10 of 2nd period - Shot Blocked by Jonathan Ericsson.
15:30 of 2nd period - Wrist shot by Patrik Berglund.
15:30 of 2nd period - Stopped by Ryan Miller with a rebound.
15:53 of 2nd period - Olli Maatta is hit by Rickard Rakell and loses puck.
16:04 of 2nd period - Snap shot by David Legwand.
16:04 of 2nd period - Stopped by Braden Holtby with a rebound.
16:06 of 2nd period - Wrist shot by David Legwand.
16:06 of 2nd period - Shot Misses the Net.
16:08 of 2nd period - Slapshot by Mark Streit.
16:08 of 2nd period - Stopped by Braden Holtby without a rebound.
16:09 of 2nd period - Joe Pavelski wins face-off versus Cody McCormick in Islanders zone.
16:09 of 2nd period - Joe Pavelski is hit by Derek Dorsett.
16:15 of 2nd period - Snap shot by Erik Karlsson.
16:15 of 2nd period - Shot Misses the Net.
16:17 of 2nd period - Snap shot by Joe Pavelski.
16:17 of 2nd period - Shot Misses the Net.
16:19 of 2nd period - Snap shot by Joe Pavelski.
16:19 of 2nd period - Shot Misses the Net.
16:32 of 2nd period - Snap shot by Carl Hagelin.
16:32 of 2nd period - Stopped by Ryan Miller with a rebound.
16:34 of 2nd period - Wrist shot by Joe Pavelski.
16:34 of 2nd period - Shot Blocked by Mark Streit.
16:36 of 2nd period - Wrist shot by Erik Karlsson.
16:36 of 2nd period - Shot Blocked by Thomas Vanek.
16:38 of 2nd period - Wrist shot by Carl Hagelin.
16:38 of 2nd period - Shot Misses the Net.
16:50 of 2nd period - Minor Penalty to Derek Dorsett for Roughing.
16:51 of 2nd period - David Krejci wins face-off versus Cody McCormick in Wild zone.
16:53 of 2nd period - Wrist shot by David Krejci.
16:53 of 2nd period - Shot Misses the Net.
17:04 of 2nd period - Snap shot by Brandon Pirri.
17:04 of 2nd period - Stopped by Ryan Miller with a rebound.
17:06 of 2nd period - Slapshot by Dustin Brown.
17:06 of 2nd period - Stopped by Ryan Miller with a rebound.
17:45 of 2nd period - Slapshot by Tyler Ennis.
17:45 of 2nd period - Shot Misses the Net.
17:47 of 2nd period - Snap shot by Marian Hossa.
17:47 of 2nd period - Stopped by Ryan Miller without a rebound.
17:48 of 2nd period - Cody McCormick wins face-off versus Carl Hagelin in Wild zone.
18:21 of 2nd period - Slapshot by Erik Karlsson.
18:21 of 2nd period - Stopped by Ryan Miller with a rebound.
18:23 of 2nd period - Snap shot by Dustin Brown.
18:23 of 2nd period - Deflect By Cody Franson.
18:23 of 2nd period - Stopped by Ryan Miller without a rebound.
18:24 of 2nd period - David Krejci wins face-off versus Cody McCormick in Wild zone.
18:50 of 2nd period - Penalty to Derek Dorsett is over, Derek Dorsett is back on ice.
19:09 of 2nd period - Off-side.
19:10 of 2nd period - Paul Gaustad wins face-off versus Victor Rask in neutral zone.
19:21 of 2nd period - Snap shot by Patrik Berglund.
19:21 of 2nd period - Shot Misses the Net.
19:23 of 2nd period - Slapshot by Dalton Prout.
19:23 of 2nd period - Shot Blocked by Jonathan Ericsson.
19:25 of 2nd period - Backhand shot by Paul Gaustad.
19:25 of 2nd period - Shot Blocked by Jordan Eberle.
19:27 of 2nd period - Slapshot by Dalton Prout.
19:27 of 2nd period - Stopped by Ryan Miller with a rebound.
19:44 of 2nd period - Minor Penalty to Dalton Prout for Hooking.
19:45 of 2nd period - Paul Gaustad wins face-off versus David Legwand in Islanders zone.
19:49 of 2nd period - Minor Penalty to Brad Marchand for Hooking.
19:50 of 2nd period - David Krejci wins face-off versus Cody McCormick in Wild zone.
19:52 of 2nd period - Wrist shot by Jamie Benn.
19:52 of 2nd period - Shot Misses the Net.
Goals for this period are 1 for Islanders vs 0 for Wild.
Shots for this period are 16 for Islanders vs 11 for Wild.

3rd period


0:01 of 3rd period - Cody McCormick wins face-off versus David Krejci in neutral zone.
0:08 of 3rd period - Wrist shot by Mark Streit.
0:08 of 3rd period - Shot Misses the Net.
0:10 of 3rd period - Slapshot by Cody Franson.
0:10 of 3rd period - Stopped by Braden Holtby without a rebound.
0:11 of 3rd period - David Krejci wins face-off versus Cody McCormick in Islanders zone.
0:16 of 3rd period - Cody Franson is hit by Travis Hamonic and loses puck.
1:25 of 3rd period - Snap shot by Jamie Benn.
1:25 of 3rd period - Stopped by Ryan Miller without a rebound.
1:26 of 3rd period - Cody McCormick wins face-off versus David Krejci in Wild zone.
1:44 of 3rd period - Penalty to Dalton Prout is over, Dalton Prout is back on ice.
1:48 of 3rd period - Snap shot by Joe Pavelski.
1:48 of 3rd period - Shot Blocked by Jonathan Ericsson.
1:49 of 3rd period - Penalty to Brad Marchand is over, Brad Marchand is back on ice.
1:50 of 3rd period - Slapshot by Olli Maatta.
1:50 of 3rd period - Shot Blocked by Jonathan Ericsson.
1:52 of 3rd period - Wrist shot by Dalton Prout.
1:52 of 3rd period - Stopped by Ryan Miller with a rebound.
3:52 of 3rd period - Minor Penalty to Carl Hagelin for Hooking.
3:53 of 3rd period - David Legwand wins face-off versus Paul Gaustad in Islanders zone.
5:32 of 3rd period - Rickard Rakell is hit by Kevin Klein and loses puck.
5:52 of 3rd period - Penalty to Carl Hagelin is over, Carl Hagelin is back on ice.
5:53 of 3rd period - Toby Enstrom is hit by Kevin Klein and loses puck.
6:10 of 3rd period - Off-side.
6:11 of 3rd period - David Krejci wins face-off versus Dale Weise in neutral zone.
6:15 of 3rd period - Minor Penalty to Jonathan Ericsson for Hooking.
6:16 of 3rd period - David Krejci wins face-off versus Cody McCormick in Wild zone.
6:33 of 3rd period - Slapshot by Erik Karlsson.
6:33 of 3rd period - Shot Misses the Net.
6:35 of 3rd period - Slapshot by Tyler Ennis.
6:35 of 3rd period - Deflect By Brandon Pirri.
6:35 of 3rd period - Goal by Brandon Pirri - Islanders : 6 - Wild : 1.
6:36 of 3rd period - Joe Pavelski wins face-off versus Craig Cunningham in neutral zone.
6:41 of 3rd period - Snap shot by Marian Hossa.
6:41 of 3rd period - Stopped by Ryan Miller with a rebound.
6:49 of 3rd period - Slapshot by Mark Streit.
6:49 of 3rd period - Stopped by Braden Holtby with a rebound.
6:51 of 3rd period - Slapshot by Cody Franson.
6:51 of 3rd period - Stopped by Braden Holtby with a rebound.
6:53 of 3rd period - Slapshot by Mark Streit.
6:53 of 3rd period - Shot Misses the Net.
6:55 of 3rd period - Slapshot by Cody Franson.
6:55 of 3rd period - Shot Misses the Net.
7:29 of 3rd period - Icing by Tuomo Ruutu.
7:30 of 3rd period - David Krejci wins face-off versus Dale Weise in Wild zone.
7:35 of 3rd period - Slapshot by Erik Karlsson.
7:35 of 3rd period - Stopped by Ryan Miller with a rebound.
8:04 of 3rd period - Snap shot by Brandon Pirri.
8:04 of 3rd period - Shot Misses the Net.
8:05 of 3rd period - Minor Penalty to Brad Marchand for Hooking.
8:06 of 3rd period - Joe Pavelski wins face-off versus Cody McCormick in Wild zone.
8:11 of 3rd period - Wrist shot by Marian Hossa.
8:11 of 3rd period - Goal by Marian Hossa - Islanders : 7 - Wild : 1.
8:12 of 3rd period - Frans Nielsen wins face-off versus David Legwand in neutral zone.
8:28 of 3rd period - Minor Penalty to Erik Karlsson for Interference.
8:29 of 3rd period - Rickard Rakell wins face-off versus Paul Gaustad in Islanders zone.
9:02 of 3rd period - Cody McCormick is hit by Paul Gaustad.
9:08 of 3rd period - Wrist shot by Lauri Korpikoski.
9:08 of 3rd period - Stopped by Ryan Miller with a rebound.
9:10 of 3rd period - Backhand shot by Paul Gaustad.
9:10 of 3rd period - Shot Misses the Net.
9:12 of 3rd period - Slapshot by Alexei Emelin.
9:12 of 3rd period - Shot Misses the Net.
9:14 of 3rd period - Slapshot by Olli Maatta.
9:14 of 3rd period - Stopped by Ryan Miller without a rebound.
9:15 of 3rd period - Paul Gaustad wins face-off versus David Legwand in Wild zone.
10:28 of 3rd period - Penalty to Erik Karlsson is over, Erik Karlsson is back on ice.
10:49 of 3rd period - Wrist shot by Tuomo Ruutu.
10:49 of 3rd period - Deflect By Dale Weise.
10:49 of 3rd period - Stopped by Braden Holtby with a rebound.
10:51 of 3rd period - Slapshot by Tuomo Ruutu.
10:51 of 3rd period - Shot Misses the Net.
10:53 of 3rd period - Slapshot by Luke Schenn.
10:53 of 3rd period - Stopped by Braden Holtby without a rebound.
10:54 of 3rd period - Brandon Pirri wins face-off versus Craig Cunningham in Islanders zone.
11:24 of 3rd period - Off-side.
11:25 of 3rd period - Frans Nielsen wins face-off versus Cody McCormick in neutral zone.
12:55 of 3rd period - Snap shot by Rickard Rakell.
12:55 of 3rd period - Shot Misses the Net.
12:57 of 3rd period - Slapshot by Cody Franson.
12:57 of 3rd period - Stopped by Braden Holtby with a rebound.
13:36 of 3rd period - Rickard Rakell is hit by Dalton Prout and loses puck.
13:58 of 3rd period - Icing by Cody Franson.
13:59 of 3rd period - David Legwand wins face-off versus Joe Pavelski in Wild zone.
14:15 of 3rd period - Minor Penalty to Cody McCormick for Tripping.
14:16 of 3rd period - Rickard Rakell wins face-off versus David Krejci in Wild zone.
14:16 of 3rd period - Rickard Rakell is hit by Brandon Pirri.
15:00 of 3rd period - Mark Streit is hit by Dustin Brown and loses puck.
15:59 of 3rd period - Minor Penalty to Brandon Pirri for Tripping.
16:00 of 3rd period - Victor Rask wins face-off versus David Krejci in Islanders zone.
16:15 of 3rd period - Penalty to Cody McCormick is over, Cody McCormick is back on ice.
16:38 of 3rd period - Kevin Klein is hit by Toby Enstrom and loses puck.
17:23 of 3rd period - David Legwand is hit by Alexei Emelin and loses puck.
17:39 of 3rd period - Frans Nielsen is hit by Craig Cunningham.
17:59 of 3rd period - Penalty to Brandon Pirri is over, Brandon Pirri is back on ice.
18:27 of 3rd period - Minor Penalty to Jonathan Ericsson for Slashing.
18:28 of 3rd period - David Krejci wins face-off versus Cody McCormick in Wild zone.
18:28 of 3rd period - Wrist shot by Jamie Benn.
18:28 of 3rd period - Shot Misses the Net.
18:44 of 3rd period - Wrist shot by Brandon Pirri.
18:44 of 3rd period - Goal by Brandon Pirri - Islanders : 8 - Wild : 1.
18:45 of 3rd period - Victor Rask wins face-off versus Frans Nielsen in neutral zone.
18:52 of 3rd period - Tyler Ennis is hit by Jordan Eberle.
19:02 of 3rd period - Slapshot by Jordan Eberle.
19:02 of 3rd period - Shot Misses the Net.
19:26 of 3rd period - Cody Franson is hit by Frans Nielsen and loses puck.
19:37 of 3rd period - Mark Streit is hit by Joe Pavelski and loses puck.
19:54 of 3rd period - Craig Cunningham is hit by Kevin Klein and loses puck.
Goals for this period are 3 for Islanders vs 0 for Wild.
Shots for this period are 9 for Islanders vs 6 for Wild.